 Dungeon Crawl Stone Soup version 0.14-a0-2789-gc18c9f8 (webtiles) character file.

730 RIDDIMRIDER the Ducker (level 7, -3/67 HPs)
             Began as a Troll Monk on Feb 24, 2014.
             Was a Priest of Kikubaaqudgha.
             Slain by a water moccasin (7 damage)
             ... on Level 6 of the Dungeon.
             The game lasted 00:52:45 (2239 turns).

RIDDIMRIDER the Ducker (Troll Monk)                 Turns: 2239, Time: 00:52:45

HP  -3/67        AC  7     Str 25      XL: 7   Next: 20%
MP   3/3         EV 18     Int  7      God: Kikubaaqudgha [***...]
Gold 117         SH  0     Dex 16      Spells:  2 memorised,  3 levels left

rFire  . . .     SeeInvis .     n - +0,-1 morningstar
rCold  . . .     Clarity  .     B - +2 robe of Absence {Str+4 Dex+2}
rNeg   . . .     Conserve .     (shield restricted)
rPois  .         rCorr    .     (helmet restricted)
rElec  .         rRot     .     (no cloak)
SustAb . .       Spirit   .     (gloves unavailable)
rMut   .         Warding  .     (boots unavailable)
Gourm  +         Stasis   +     F - amulet of stasis
MR     .....                    (no ring)
                                C - cursed -3 ring of dexterity

@: confused, agile, quite poisoned, not resistant to hostile enchantments,
fairly stealthy
A: unfitting armour, claws 3, fast metabolism 3, gourmand, regeneration 2,
saprovore 2, shaggy fur 1, tough skin 2
a: Receive Corpses, Renounce Religion


You were on level 6 of the Dungeon.
You worshipped Kikubaaqudgha.
Kikubaaqudgha was most pleased with you.
You were not hungry.

You visited 1 branch of the dungeon, and saw 6 of its levels.

You collected 117 gold pieces.

Inventory:

Hand weapons
 c - a -1,+1 orcish trident
 f - a +0,+2 dagger
 h - a +0,+0 club
 k - a +0,+0 dagger
 n - a +0,-1 morningstar (weapon)
 u - a +0,+0 orcish flail
 v - a +0,+1 orcish short sword
 w - a +1,+0 mace
 D - a +0,+0 sling
 J - a +0,+0 scimitar of flaming
Missiles
 d - 65 arrows
 m - 16 darts (quivered)
 p - 13 sling bullets
 y - 22 poisoned needles
 G - 15 stones
Armour
 a - a +0 robe
 l - a +0 robe
 x - a steam dragon hide
 B - the +2 robe of Absence (worn) {Str+4 Dex+2}
   (You found it on level 4 of the Dungeon)

   It affects your strength (+4).
   It affects your dexterity (+2).
Magical devices
 I - a wand of fireball (0)
 O - a wand of paralysis (12) {unknown}
Comestibles
 N - a chunk of giant newt flesh
Scrolls
 g - 2 scrolls of enchant weapon II {unknown}
 i - a scroll of fog {unknown}
 q - a scroll of enchant weapon I {unknown}
 r - 2 scrolls of random uselessness {unknown}
 t - 2 scrolls of identify {unknown}
 E - 2 scrolls of remove curse {unknown}
 K - a scroll of teleportation {unknown}
 L - a scroll of noise {unknown}
Jewellery
 C - a cursed -3 ring of dexterity (left claw)
 F - an amulet of stasis (around neck)
Potions
 j - a potion of curing {unknown}
 o - a potion of paralysis {unknown}
 z - a potion of magic {unknown}
 A - a potion of invisibility
 H - 2 potions of restore abilities {unknown}
Books
 s - Kikubaaqudgha's Reference Book on Darkness
   (Kikubaaqudgha gifted it to you on level 3 of the Dungeon)

   Spells                             Type                      Level
   *Pain                              Necromancy                   1
   Corpse Rot                         Necromancy                   2
   *Sublimation of Blood              Necromancy                   2
   Regeneration                       Charms/Necromancy            3
   Control Undead                     Necromancy                   4
 M - Kikubaaqudgha's Papyrus of Darkness
   (Kikubaaqudgha gifted it to you on level 6 of the Dungeon)

   Spells                             Type                      Level
   Bolt of Draining                   Conjuration/Necromancy       5
   Agony                              Necromancy                   5
   Dispel Undead                      Necromancy                   5
   Twisted Resurrection               Necromancy                   5
   Simulacrum                         Ice/Necromancy               6


   Skills:
 + Level 3.3 Fighting
 + Level 2.0 Maces & Flails
 + Level 1.9 Armour
 + Level 5.1 Dodging
 + Level 1.3 Stealth
 + Level 4.9 Unarmed Combat
 + Level 0.1 Evocations


You had 3 spell levels left.
You knew the following spells:

 Your Spells              Type           Power        Failure   Level  Hunger
a - Pain                  Necr           #...         47%         1    ##.....
b - Sublimation of Blood  Necr           #.........   73%         2    ###....


Dungeon Overview and Level Annotations

Branches:
Dungeon (6/16)
 Temple: D:4-7

Altars:
Kikubaaqudgha
Trog
Yredelemnul

Annotations:
D:6 Natasha


Innate Abilities, Weirdness & Mutations

You are too large for most types of armour.
You have claws for hands.
Your metabolism is lightning-fast.
You like to eat raw meat.
You heal very quickly.
You can eat rotten meat.
You are covered in fur (AC +1).
You have very tough skin (AC +2).


Message History

Press: ? - help, Shift-Dir - straight line, f - shadow imp
Aim: a shadow imp (summoned) Nothing appears to happen.
The water moccasin bites you.
* * * LOW HITPOINT WARNING * * *
You are more poisoned.
The water moccasin poisons you!
You hear some strange, mumbled words.
Your amulet of stasis rumbles.
You are confused.
It was a potion of confusion.
The water moccasin bites you.
* * * LOW HITPOINT WARNING * * *
Something claws you.
* * * LOW HITPOINT WARNING * * *
The shadow imp barely misses you. The water moccasin barely misses you.
Drink which item? (? for menu, Esc to quit)
You feel agile all of a sudden.
It was a potion of agility.
* * * LOW HITPOINT WARNING * * *
You feel sick. The water moccasin bites you!
You die...
Kikubaaqudgha rasps: "You have failed me!
Welcome... death!"

......# ......###.#
........... ......###.#
##.....# #.....####
#.........
#.....###################
#..............@S........
#.....#######...5.....%..
#.....# #...........
#.....# #...........
#.....# #.#####...##
#.....# #.# ...# #######
#.. .. ### #


You could see a water moccasin and a shadow imp.

Vanquished Creatures
  The ghost of braverobin the Magician, an average VSGl (D:4)
  An ice beast (D:5)
  An ogre (D:6)
  3 crimson imps
  A hound (D:3)
  A jelly (D:5)
  2 orc priests
  An orc wizard (D:4)
  A worker ant (D:4)
  Jessica (D:2)
  A giant mite (D:3)
  A white imp (D:6)
  6 adders
  A giant eyeball (D:4)
  An ooze (D:3)
  11 orcs
  A ball python (D:3)
  3 giant cockroaches
  5 goblins
  8 hobgoblins
  2 quokkas (D:3)
  4 bats
  5 giant newts
  A hobgoblin skeleton (D:4)
  A kobold (D:1)
  6 rats
70 creatures vanquished.

Notes
Turn   | Place    | Note
--------------------------------------------------------------
     0 | D:1      | RIDDIMRIDER, the Troll Monk, began the quest for the Orb.
     0 | D:1      | Reached XP level 1. HP: 22/22 MP: 1/1
   194 | D:2      | Noticed Jessica
   228 | D:2      | Killed Jessica
   228 | D:2      | Reached XP level 2. HP: 27/29 MP: 1/1
   253 | D:2      | Reached XP level 3. HP: 36/36 MP: 2/2
   472 | D:3      | Found an ancient bone altar of Kikubaaqudgha.
   746 | D:3      | Became a worshipper of Kikubaaqudgha
   746 | D:3      | Acquired Kikubaaqudgha's first power
   746 | D:3      | Received a gift from Kikubaaqudgha
   746 | D:3      | Acquired Kikubaaqudgha's second power
   749 | D:3      | Identified Kikubaaqudgha's Reference Book on Darkness (Kikubaaqudgha gifted it to you on level 3 of the Dungeon)
   753 | D:3      | Learned a level 1 spell: Pain
   886 | D:3      | Reached XP level 4. HP: 44/44 MP: 2/2
  1145 | D:3      | Reached XP level 5. HP: 53/53 MP: 2/2
  1218 | D:3      | Noticed a moth of wrath
  1221 | D:3      | Found a bloodstained altar of Trog.
  1526 | D:4      | Found a basalt altar of Yredelemnul.
  1532 | D:4      | Got a warped robe
  1538 | D:4      | Identified the +2 robe of Absence {Str+4 Dex+2} (You found it on level 4 of the Dungeon)
  1602 | D:4      | Reached skill level 1 in Armour
  1606 | D:4      | Reached skill level 1 in Maces & Flails
  1687 | D:4      | Learned a level 2 spell: Sublimation of Blood
  1692 | D:4      | Noticed braverobin's ghost (average VSGl)
  1706 | D:4      | Killed braverobin's ghost
  1706 | D:4      | Reached XP level 6. HP: 29/61 MP: 3/3
  1825 | D:5      | Entered Level 5 of the Dungeon
  1911 | D:5      | Reached XP level 7. HP: 64/67 MP: 3/3
  2132 | D:6      | Reached skill level 5 in Dodging
  2133 | D:6      | Received a gift from Kikubaaqudgha
  2136 | D:6      | Identified Kikubaaqudgha's Papyrus of Darkness (Kikubaaqudgha gifted it to you on level 6 of the Dungeon)
  2206 | D:6      | Noticed Natasha
  2239 | D:6      | HP: 3/67 [poisoned by a water moccasin]
  2239 | D:6      | Slain by a water moccasin

Action                   |  1- 3 |  4- 6 |  7- 9 || total
-------------------------+-------+-------+-------++-------
Melee: Dagger            |    57 |       |       ||    57
       Unarmed           |     6 |       |       ||     6
       Morningstar       |    31 |   153 |    29 ||   213
Evoke: Wand              |       |     1 |       ||     1
  Use: Potion            |       |     1 |     2 ||     3
 Stab: Distracted        |     1 |       |       ||     1
